 Dungeon Crawl Stone Soup version 0.20.0-14-g326068f (webtiles) character file.

11601 Chiseanne the Thaumaturge (level 11, -6/89 HPs)
             Began as a Demonspawn Wanderer on June 8, 2017.
             Was an Elder of Vehumet.
             Mangled by an eight-headed hydra (8 damage)
             ... on level 1 of the Lair of Beasts.
             The game lasted 00:35:27 (11524 turns).

Chiseanne the Thaumaturge (Demonspawn Wanderer)    Turns: 11524, Time: 00:35:28

Health: -6/89      AC:  7    Str:  9    XL:     11   Next: 51%
Magic:  0/33       EV: 19    Int: 16    God:    Vehumet [****..]
Gold:   512        SH:  0    Dex: 17    Spells: 20/28 levels left

rFire    . . .     SeeInvis +   d - +4 scimitar (flame)
rCold    + . .     Gourm    .   (no shield)
rNeg     . . .     Faith    .   H - +0 robe of the End {Regen+ Str-3 Dex+3 SInv}
rPois    .         Spirit   +   u - +0 helmet
rElec    .         Reflect  .   (no cloak)
rCorr    .         Harm     .   j - +0 pair of gloves
MR       .....                  (no boots)
Stlth    ++........             (no amulet)
Regen    0.7/turn               E - ring of magical power
MPRegen  0.5/turn               D - ring of wizardry

@: about to teleport
A: talons 1, rugged brown scales 3, cold resistance 1, magic shield, magic
regeneration, magic link
a: Renounce Religion


You were on level 1 of the Lair of Beasts.
You worshipped Vehumet.
Vehumet was greatly pleased with you.
You were hungry.

You visited 3 branches of the dungeon, and saw 12 of its levels.
You also visited: Sewer.

You collected 695 gold pieces.
You spent 183 gold pieces at shops.

Inventory:

Hand Weapons
 a - a +1 short sword of venom
 d - a +4 scimitar of flaming (weapon)
 s - a +2 whip of electrocution
 w - a +2 hand crossbow
 N - a +2 scythe of slicing
 T - a +3 morningstar of freezing
Missiles
 b - 181 bolts
 c - 4 javelins
 h - 62 sling bullets
 k - 181 arrows
 m - 362 stones (quivered)
 y - 49 poisoned needles
 F - 9 tomahawks
Armour
 j - a +0 pair of gloves (worn)
 u - a +0 helmet (worn)
 v - a +0 leather armour of positive energy
 H - the +0 robe of the End (worn) {Regen+ Str-3 Dex+3 SInv}
   (You bought it in a shop on level 5 of the Dungeon)

   It affects your strength (-3).
   It affects your dexterity (+3).
   It lets you see invisible.
   It increases your rate of regeneration.
 M - a +2 robe of fire resistance
 S - a +0 shield
Magical Staves
 q - an uncursed staff of fire
Jewellery
 D - a ring of wizardry (right hand)
 E - a ring of magical power (left hand)
 I - an uncursed ring of protection from cold
Wands
 B - a wand of confusion (20/48)
 K - a wand of digging (16/24)
 R - a wand of random effects (26/48)
 U - a wand of lightning (12/15)
Scrolls
 l - a scroll of immolation
 x - 2 scrolls of magic mapping
 z - 5 scrolls of teleportation
 J - 2 scrolls of amnesia
 W - a scroll of remove curse
Potions
 e - 4 potions of flight
 g - 5 potions of mutation
 i - a potion of heal wounds
 o - a potion of cancellation {unknown}
 r - a potion of magic
 t - a potion of resistance {unknown}
 C - 2 potions of brilliance
 G - 2 potions of ambrosia
 L - 2 potions of curing
 O - 2 potions of haste {unknown}
 P - 4 potions of might
 Q - a potion of invisibility {unknown}
Comestibles
 f - 5 bread rations
 n - 10 royal jellies
 p - 7 meat rations
 A - 18 fruits


   Skills:
 - Level 7.2 Fighting
 - Level 1.0 Crossbows
 - Level 1.0 Throwing
 - Level 5.3 Armour
 * Level 9.1 Dodging
 - Level 1.0 Stealth
 * Level 9.2 Spellcasting
 * Level 8.4 Conjurations
   Level 1.0 Summonings


You had 20 spell levels left.
You knew the following spells:

 Your Spells              Type           Power        Failure   Level  Hunger
a - Sting                 Conj/Pois      ###.         1%          1    None
b - Static Discharge      Conj/Air       ###.....     1%          3    #......
c - Sticky Flame          Conj/Fire      ###.....     2%          4    ###....


Dungeon Overview and Level Annotations

Branches:
Dungeon (10/15)            Temple (1/1) D:4            Lair (1/6) D:9
    Orc (0/2) D:9

Altars:
Ashenzari
Cheibriados
Elyvilon
Fedhas
Gozag
Nemelex Xobeh
Okawaru
Qazlal
Ru
Uskayaw
Vehumet
Xom
Zin
The Shining One

Shops:
D:5 [   D:7 *   D:9 (


Innate Abilities, Weirdness & Mutations

You have sharp toenails.
You are completely covered in rugged brown scales. (AC +3, +7% HP)
Your flesh is cold resistant. (rC+)
When hurt, damage is shared between your health and your magic reserves.
You regenerate magic rapidly.
When low on magic, you restore magic in place of health.


Message History

The eight-headed hydra bites you but does no damage.
The eight-headed hydra bites you.
The eight-headed hydra closely misses you.
The eight-headed hydra completely misses you.
The eight-headed hydra bites you!
* * * LOW HITPOINT WARNING * * *
The eight-headed hydra bites you.
* * * LOW HITPOINT WARNING * * *
The eight-headed hydra completely misses you.
The eight-headed hydra misses you. The eight-headed hydra bites you. x2
* * * LOW HITPOINT WARNING * * *
The eight-headed hydra misses you.
The eight-headed hydra closely misses you. x2
The eight-headed hydra bites you.
* * * LOW HITPOINT WARNING * * *
The eight-headed hydra bites you!
* * * LOW HITPOINT WARNING * * *
The eight-headed hydra completely misses you.
The eight-headed hydra bites you!
You die...

#### ####### ##.#.
#.....# ....####...##
#.#.#...##.##
###....######.####
###P....########...###
#.......###.D........# #
##...........#@....#.##
..#..........####.#.#.##
......##....##...###.#.#
.............#...###..##
..)....................#
..#....................#
.......................#
........................#
...................P.....


You could see an eight-headed hydra.

Vanquished Creatures
  A hydra (D:10)
  Erica (D:8)
  A two-headed ogre (D:10)
  A death yak (D:9)
  Pikel (D:7)
  Psyche (D:8)
  Joseph (D:7)
  A komodo dragon (Lair:1)
  A troll (D:9)
  Prince Ribbit (D:9)
  2 dream sheep (D:10)
  A hippogriff (D:8)
  Sigmund (D:3)
  11 yaks
  A basilisk (D:10)
  The ghost of Chiseanne the Grave Robber, an amateur DsWn (D:4)
  A steam dragon (D:8)
  2 water moccasins (D:9)
  A porcupine (Lair:1)
  3 orc warriors
  An ice beast (D:9)
  A swamp drake (D:9)
  A sky beast (D:7)
  2 phantoms
  6 ogres
  3 centaurs
  4 big kobolds
  3 bullfrogs
  A gnoll sergeant (D:8)
  2 scorpions
  3 killer bees (D:7)
  12 wights (D:10)
  4 crimson imps
  A howler monkey (D:9)
  A bullfrog zombie (D:5)
  A centaur zombie (D:6)
  8 orc priests
  3 hounds
  2 jellies (D:10)
  3 centaur skeletons
  Jessica (D:3)
  3 iguanas
  4 orc wizards
  12 worker ants
  A hound zombie (D:8)
  A hound skeleton (D:7)
  2 worker ant zombies
  Robin (D:3)
  11 adders
  7 gnolls
  A howler monkey skeleton (D:4)
  A river rat (Sewer)
  A shadow imp (D:9)
  An ooze (Sewer)
  3 adder zombies
  7 worms
  A dart slug (D:2)
  8 leopard geckos
  32 orcs
  9 giant cockroaches
  18 goblins
  10 hobgoblins
  16 kobolds
  4 quokkas
  5 ball pythons
  2 bats
  6 frilled lizards
  2 jackal skeletons
  3 leopard gecko skeletons
  8 rats
277 creatures vanquished.

Vanquished Creatures (others)
  An orc (D:9)
1 creature vanquished.

Grand Total: 278 creatures vanquished

Notes
Turn   | Place    | Note
-------+----------+-------------------------------------------
     0 | D:1      | Chiseanne the Demonspawn Wanderer began the quest for the Orb.
     0 | D:1      | Chiseanne set off with: a +2 hand crossbow, 31 bolts, a +0 ring mail, a potion of lignification, a bread ration
     0 | D:1      | Reached XP level 1. HP: 18/18 MP: 3/3
   146 | D:1      | Gained mutation: You have sharp toenails. [demonic ancestry]
   146 | D:1      | Reached XP level 2. HP: 24/24 MP: 5/5
   735 | D:2      | Reached skill level 1 in Dodging
   771 | D:2      | Gained mutation: You are partially covered in rugged brown scales. (AC +1, +3% HP) [demonic ancestry]
   771 | D:2      | Reached XP level 3. HP: 24/30 MP: 6/6
  1267 | D:3      | Gained mutation: When hurt, damage is shared between your health and your magic reserves. [demonic ancestry]
  1267 | D:3      | Reached XP level 4. HP: 38/38 MP: 7/7
  1523 | D:3      | Noticed Sigmund
  1531 | D:3      | Killed Sigmund
  1531 | D:3      | Reached XP level 5. HP: 41/44 MP: 6/8
  1574 | D:3      | Gained mutation: You are mostly covered in rugged brown scales. (AC +2, +5% HP) [demonic ancestry]
  1574 | D:3      | Reached XP level 6. HP: 29/52 MP: 5/9
  1728 | D:3      | Noticed Jessica
  2008 | D:3      | Noticed Robin
  2021 | D:3      | Killed Robin
  2170 | D:3      | Killed Jessica
  2170 | D:3      | Reached skill level 5 in Fighting
  2653 | D:4      | Gained mutation: Your flesh is cold resistant. (rC+) [demonic ancestry]
  2653 | D:4      | Reached XP level 7. HP: 51/58 MP: 7/10
  2860 | D:4      | Noticed Chiseanne's ghost (amateur DsWn)
  2915 | D:4      | Killed Chiseanne's ghost
  3138 | D:4      | Found a glowing silver altar of Zin.
  3296 | D:4      | Found a staircase to the Ecumenical Temple.
  3339 | Temple   | Entered the Ecumenical Temple
  3367 | Temple   | Became a worshipper of Vehumet
  3838 | D:5      | Entered Level 5 of the Dungeon
  3843 | D:5      | Found a white marble altar of Elyvilon.
  3986 | D:5      | Gained mutation: You are completely covered in rugged brown scales. (AC +3, +7% HP) [demonic ancestry]
  3986 | D:5      | Reached XP level 8. HP: 57/68 MP: 10/12
  4106 | D:5      | Found a glowing golden altar of the Shining One.
  4411 | D:5      | Found Enopomos's Antique Armour Boutique.
  4422 | D:5      | Bought a silken robe for 153 gold pieces
  4521 | D:5      | Reached skill level 5 in Dodging
  4767 | D:6      | Found a glowing golden altar of the Shining One.
  4767 | D:6      | Found a stormy altar of Qazlal.
  4768 | D:6      | Found a hide-covered altar of Uskayaw.
  4786 | D:6      | Found a shattered altar of Ashenzari.
  4866 | D:6      | Reached skill level 5 in Armour
  4890 | D:6      | Reached * piety under Vehumet
  4890 | D:6      | Offered knowledge of Freeze by Vehumet.
  5179 | D:6      | Found a glowing drain.
  5193 | Sewer    | Entered a sewer
  6170 | D:7      | Found Vut Qejo's General Store.
  6180 | D:7      | Bought a scroll of identify for 20 gold pieces
  6180 | D:7      | Bought a potion of degeneration for 10 gold pieces
  6182 | D:7      | Identified the +0 robe of the End {Regen+ Str-3 Dex+3 SInv} (You bought it in a shop on level 5 of the Dungeon)
  6366 | D:7      | Reached ** piety under Vehumet
  6366 | D:7      | Offered knowledge of Sting by Vehumet.
  6377 | D:7      | Gained mutation: You regenerate magic rapidly. [demonic ancestry]
  6377 | D:7      | Reached XP level 9. HP: 73/77 MP: 15/15
  6388 | D:7      | Learned a level 1 spell: Sting
  6703 | D:7      | Noticed Joseph
  6722 | D:7      | Reached skill level 1 in Conjurations
  6728 | D:7      | Killed Joseph
  6728 | D:7      | Reached skill level 5 in Spellcasting
  6790 | D:7      | HP: 3/77 [killer bee (3)]
  6939 | D:7      | Noticed Pikel
  6962 | D:7      | Killed Pikel
  7243 | D:7      | You fall through a shaft!
  7414 | D:8      | Noticed Erica
  7702 | D:8      | Killed Erica
  7702 | D:8      | Gained mutation: When low on magic, you restore magic in place of health. [demonic ancestry]
  7702 | D:8      | Reached XP level 10. HP: 52/84 MP: 9/19
  8072 | D:8      | Noticed Psyche
  8096 | D:8      | Killed Psyche
  8096 | D:8      | Reached skill level 5 in Conjurations
  8281 | D:8      | Offered knowledge of Static Discharge by Vehumet.
  8466 | D:8      | Learned a level 3 spell: Static Discharge
  8754 | D:9      | Reached *** piety under Vehumet
  8956 | D:9      | Found a staircase to the Orcish Mines.
  9063 | D:9      | Noticed Prince Ribbit
  9072 | D:9      | Killed Prince Ribbit
  9175 | D:9      | Noticed a death yak
  9181 | D:9      | Noticed a death yak
  9218 | D:10     | Entered Level 10 of the Dungeon
  9403 | D:10     | Noticed a two-headed ogre
  9413 | D:10     | Killed a two-headed ogre
  9511 | D:10     | Offered knowledge of Inner Flame by Vehumet.
  9950 | D:10     | Reached XP level 11. HP: 77/89 MP: 10/23
  9986 | D:10     | Noticed a two-headed hydra
  9989 | D:10     | Killed a one-headed hydra
  9995 | D:10     | Reached **** piety under Vehumet
 10271 | D:9      | Offered knowledge of Sticky Flame by Vehumet.
 10277 | D:9      | Learned a level 4 spell: Sticky Flame
 10327 | D:9      | Noticed a death yak
 10332 | D:9      | Noticed a death yak
 10333 | D:9      | Killed a death yak
 10475 | D:9      | Found a staircase to the Lair.
 10495 | D:9      | Found Kapruwug's Weapon Shop.
 10803 | D:9      | Noticed a death yak
 11020 | Lair:1   | Entered Level 1 of the Lair of Beasts
 11024 | Lair:1   | Noticed an eight-headed hydra
 11524 | Lair:1   | HP: 2/89 [eight-headed hydra (6)]
 11524 | Lair:1   | Mangled by an eight-headed hydra

Skill      XL: |  1  2  3  4  5  6  7  8  9 10 11 |
---------------+----------------------------------+-----
Dodging        | 1 2 3 4 5 7 8 9 |  9.1
Fighting       | 4 5 6 7 |  7.2
Armour         | 2 3 4 5 |  5.3
Spellcasting   | 3 4 6 8 9 |  9.2
Conjurations   | 4 7 8 |  8.4
Crossbows      | |  1.0
Throwing       | |  1.0
Stealth        | |  1.0
Summonings     | |  1.0

Action                   |  1- 3 |  4- 6 |  7- 9 | 10-12 || total
-------------------------+-------+-------+-------+-------++-------
Melee: Short sword       |       |    93 |   584 |   129 ||   806
       Kick              |       |    28 |   152 |   110 ||   290
       Unarmed           |       |     2 |       |       ||     2
       Whip              |       |       |     9 |    27 ||    36
       Scimitar          |       |       |       |   174 ||   174
 Fire: Hand crossbow     |   111 |    39 |     3 |       ||   153
 Cast: Sting             |       |       |    30 |    95 ||   125
       Static Discharge  |       |       |       |    29 ||    29
       Sticky Flame      |       |       |       |     4 ||     4
Evoke: Wand              |       |       |     2 |     3 ||     5
  Use: Scroll            |     6 |     2 |     9 |     6 ||    23
       Potion            |       |     2 |     7 |     2 ||    11
 Stab: Sleeping          |       |       |     1 |     1 ||     2
       Distracted        |       |       |       |     1 ||     1
  Eat: Chunk             |     1 |     4 |    16 |    14 ||    35
       Fruit             |       |       |     1 |     1 ||     2
Armor: Ring mail         |    15 |    34 |   163 |       ||   212
       Skin              |       |       |     3 |       ||     3
       Robe              |       |       |    43 |    83 ||   126
Dodge: Dodged            |    19 |    60 |   399 |   344 ||   822
       Rpst.: Scimitar   |       |       |       |    56 ||    56
